 Dungeon Crawl Stone Soup version 0.31.0-9-g3a7656b989 (webtiles) character file.

Game seed: 8305978562542215541

579 qw the Skirmisher (level 7, -2/40 HPs)
             Began as a Deep Elf Hunter on Feb 2, 2024.
             Slain by Duvessa
             ... wielding a +0 short sword
              (4 damage)
             ... on level 5 of the Dungeon.
             The game lasted 00:00:13 (2812 turns).

qw the Skirmisher (Deep Elf Hunter)                 Turns: 2812, Time: 00:00:13

Health: -2/40      AC:  7    Str: 16    XL:     7   Next: 13%
Magic:  9/9        EV: 12    Int: 14    God:
Gold:   182        SH:  0    Dex: 18    Spells: 6/6 levels left

rFire   . . .        a - +1 shortbow
rCold   . . .        (shield currently unavailable)
rNeg    . . .        e - +1 ring mail {Will+}
rPois   .            b - +0 helmet
rElec   .            (no cloak)
rCorr   .            (no gloves)
SInv    .            (no boots)
Will    +....        l - amulet of faith
Stlth   +            g - +6 ring of strength
HPRegen 0.26/turn    (no ring)
MPRegen 0.11/turn

%: faith
@: no status effects
A: no striking features
a: no special abilities


You were on level 5 of the Dungeon.
You visited 1 branch of the dungeon, and saw 6 of its levels.

You collected 182 gold pieces.


   Skills:
 - Level 2.0 Fighting
 - Level 11.0 Ranged Weapons
 + Level 0.0 Armour
 - Level 3.0 Dodging
 - Level 1.2 Stealth


You had 6 spell levels left.
You didn't know any spells.
Your spell library was empty.

Inventory:

Hand Weapons
 a - a +1 shortbow (weapon)
Armour
 b - a +0 helmet (worn)
 e - a +1 ring mail of willpower (worn)
Jewellery
 f - a ring of ice
 g - a +6 ring of strength (left hand)
 l - an amulet of faith (around neck)
Wands
 k - a wand of polymorph (7)
Potions
 c - a potion of might
 i - a potion of curing {unknown}

Dungeon Overview and Level Annotations

Branches:
Dungeon (6/15)
 Temple: D:4-7

Altars:
Ashenzari
Cheibriados
Nemelex Xobeh
Uskayaw
The Shining One

Annotations:
D:3 exclusion: jackal
D:5 Duvessa


Message History

You shoot an arrow. The arrow hits Duvessa!
Duvessa is severely wounded.
Duvessa hits you but does no damage.
You shoot an arrow.
The arrow hits Duvessa but does no damage.
Duvessa is severely wounded.
Duvessa closely misses you.
You shoot an arrow.
The arrow hits Duvessa but does no damage.
Duvessa is severely wounded.
Duvessa hits you but does no damage.
You shoot an arrow. The arrow barely misses Duvessa.
Duvessa hits you but does no damage.
You shoot an arrow. The arrow hits Duvessa.
Duvessa is severely wounded.
Duvessa hits you with a +0 short sword!
You shoot an arrow.
The arrow hits Duvessa but does no damage.
Duvessa is severely wounded.
You shoot an arrow.
The arrow hits Duvessa but does no damage.
Duvessa is severely wounded.
Duvessa misses you.
You shoot an arrow.
The arrow hits Duvessa but does no damage.
Duvessa is severely wounded.
Duvessa closely misses you.
You shoot an arrow.
The arrow hits Duvessa but does no damage.
Duvessa is severely wounded.
Duvessa hits you but does no damage.
You shoot an arrow. The arrow closely misses Duvessa.
Duvessa hits you with a +0 short sword!
You shoot an arrow. The arrow closely misses Duvessa.
Duvessa hits you with a +0 short sword.
You shoot an arrow.
The arrow hits Duvessa but does no damage.
Duvessa is severely wounded.
Duvessa hits you with a +0 short sword.
You die...

+.....#....#
#.....#....#
#.....#....#
#....##....#
##..>.#.....#
#.....'.....#
#.....#.....#
#.....#.....#
#..)..#@....#
#.....#e....#
#+#####.....#
.##+### ) .)'
.. .).


You could see Duvessa.

Vanquished Creatures
  Grinder (D:3)
  A scorpion (D:4)
  A jelly (D:3)
  2 orc priests
  Jessica (D:3)
  3 orc wizards
  5 adders
  2 ribbon worms
  2 dart slugs (D:1)
  13 orcs
  8 ball pythons
  8 endoplasms
  3 giant cockroaches
  3 goblins
  3 hobgoblins
  3 jackals (D:3)
  3 kobolds
  4 bats
  11 frilled lizards
  3 rats
80 creatures vanquished.

Notes
Turn   | Place    | Note
-------+----------+-------------------------------------------
     0 | D:1      | qw the Deep Elf Hunter began the quest for the Orb.
     0 | D:1      | Reached XP level 1. HP: 12/12 MP: 3/3
     0 | D:1      | 0 ||| qw: Version: 0.3-a-155-g5e7d8dd
     0 | D:1      | 0 ||| qw: Game counter: 2597
     0 | D:1      | 0 ||| qw: Melee chars always use a shield: true
     0 | D:1      | 0 ||| qw: God list: Okawaru
     0 | D:1      | 0 ||| qw: Allow faded altars: false
     0 | D:1      | 0 ||| qw: Do Orc after clearing Dungeon:15 true
     0 | D:1      | 0 ||| qw: Do second Lair branch before Depths: true
     0 | D:1      | 0 ||| qw: Lair rune preference: random
     0 | D:1      | 0 ||| qw: Goals: Normal
     0 | D:1      | 0 ||| PLANNING D:1-11
    70 | D:1      | Found a faded altar of an unknown god.
   149 | D:1      | 149 ||| RETREEEEATING.
   152 | D:1      | Reached XP level 2. HP: 16/16 MP: 4/4
   155 | D:1      | Reached skill level 6 in Ranged Weapons
   616 | D:1      | 616 ||| UPGRADING to +0 ring mail.
   626 | D:1      | 626 ||| DROPPING +0 leather armour.
   627 | D:1      | 627 ||| DROPPING scarf of harm.
   628 | D:1      | 628 ||| UPGRADING to amulet of faith.
   633 | D:1      | 633 ||| READING scroll labelled OZOUCV KOIHEO.
   634 | D:1      | 634 ||| READING 2 scrolls labelled MEUVVA YZXOEST.
   635 | D:1      | 635 ||| READING scroll labelled KUJOHI SISEUXOQI.
   636 | D:1      | 636 ||| READING scroll labelled ECEUDE NYVVEU.
   737 | D:1      | 737 ||| READING scroll labelled BIEBLEA ELIE.
   737 | D:1      | 737 ||| IDENTIFYING scroll labelled XOX ICLIBYSANU
   738 | D:1      | 738 ||| DROPPING scroll of butterflies.
   739 | D:1      | 739 ||| DROPPING scroll of blinking.
   740 | D:1      | 740 ||| DROPPING scroll of torment.
   999 | D:2      | Reached XP level 3. HP: 20/20 MP: 5/5
  1199 | D:2      | Reached skill level 7 in Ranged Weapons
  1438 | D:2      | 1438 ||| UPGRADING to +0 helmet.
  1443 | D:2      | 1443 ||| DROPPING +1 robe of cold resistance.
  1444 | D:2      | 1444 ||| READING scroll of identify.
  1444 | D:2      | 1444 ||| IDENTIFYING puce potion
  1445 | D:2      | 1445 ||| READING 2 scrolls labelled ZUFUISTR QIETU.
  1446 | D:2      | 1446 ||| READING 2 scrolls labelled GIS RESUFEEPHE.
  1447 | D:2      | 1447 ||| READING scroll labelled KAFFEF SIUX.
  1447 | D:2      | 1447 ||| ENCHANTING +0 shortbow.
  1448 | D:2      | 1448 ||| DROPPING scroll of amnesia.
  1449 | D:2      | 1449 ||| DROPPING scroll of fear.
  1529 | D:3      | Noticed a +0 short sword
  1530 | D:3      | Noticed a +0 falchion
  1591 | D:3      | Noticed Grinder
  1596 | D:3      | Paralysed by Grinder for 5 turns
  1604 | D:3      | Paralysed by Grinder for 2 turns
  1610 | D:3      | Killed Grinder
  1611 | D:3      | Reached skill level 9 in Ranged Weapons
  1611 | D:3      | Reached XP level 4. HP: 14/25 MP: 6/6
  1611 | D:3      | Reached XP level 5. HP: 16/29 MP: 7/7
  1700 | D:3      | Noticed a +0 spear
  1701 | D:3      | Noticed a +0 dagger
  1701 | D:3      | Noticed a +0 dagger
  1702 | D:3      | Noticed a +0 spear
  1702 | D:3      | Noticed a +0 falchion
  1703 | D:3      | Found a hide-covered altar of Uskayaw.
  1703 | D:3      | Noticed a +0 short sword
  1742 | D:3      | Noticed Jessica
  1747 | D:3      | 1747 ||| FLEEEEING.
  1748 | D:3      | 1748 ||| FLEEEEING.
  1749 | D:3      | 1749 ||| FLEEEEING.
  1750 | D:3      | 1750 ||| FLEEEEING.
  1751 | D:3      | 1751 ||| FLEEEEING.
  1752 | D:3      | 1752 ||| FLEEEEING.
  1753 | D:3      | 1753 ||| FLEEEEING.
  1755 | D:3      | 1755 ||| FLEEEEING.
  1756 | D:3      | 1756 ||| FLEEEEING.
  1757 | D:3      | 1757 ||| FLEEEEING.
  1758 | D:3      | 1758 ||| FLEEEEING.
  1759 | D:3      | 1759 ||| FLEEEEING.
  1765 | D:3      | Killed Jessica
  1766 | D:3      | Reached XP level 6. HP: 14/35 MP: 8/8
  1901 | D:3      | Found a broken altar of Ashenzari.
  2100 | D:3      | Found a glowing golden altar of the Shining One.
  2274 | D:3      | Found a sparkling altar of Nemelex Xobeh.
  2353 | D:3      | 2353 ||| UPGRADING to +1 ring mail of willpower.
  2363 | D:3      | 2363 ||| DROPPING +0 ring mail.
  2364 | D:3      | 2364 ||| UPGRADING to +6 ring of strength.
  2365 | D:3      | 2365 ||| READING scroll labelled PUISIU REOHUE.
  2447 | D:4      | Found a snail-covered altar of Cheibriados.
  2482 | D:4      | Reached skill level 3 in Dodging
  2504 | D:4      | Reached skill level 10 in Ranged Weapons
  2518 | D:4      | You fall into a shaft and drop 2 floors!
  2519 | D:6      | 2519 ||| READING scroll of identify.
  2519 | D:6      | 2519 ||| IDENTIFYING amethyst potion
  2520 | D:6      | 2520 ||| READING scroll labelled LEFRYNKIFF.
  2621 | D:6      | 2621 ||| DROPPING potion of ambrosia.
  2632 | D:6      | HP: 1/35 [orc priest/nerve-wracking pain (13)]
  2771 | D:5      | Entered Level 5 of the Dungeon
  2772 | D:5      | 2772 ||| PLANNING SEWER
  2786 | D:5      | Reached XP level 7. HP: 40/40 MP: 9/9
  2795 | D:5      | Noticed Duvessa
  2796 | D:5      | Reached skill level 11 in Ranged Weapons
  2810 | D:5      | HP: 7/40 [Duvessa/+0 short sword (7)]
  2811 | D:5      | HP: 2/40 [Duvessa/+0 short sword (5)]
  2812 | D:5      | Slain by Duvessa

Levels and vault maps discovered:
D:1:      dpeg_arrival_boxorama, layout_basic, basic_ecumenical_altar,
          hangedman_decor_push, minmay_lizard_pond
D:2:      kennysheep_big_flooded_room, layout_basic, minmay_heptomino_o4
D:3:      layout_rooms, cheibrodos_ashenzari_chains, nicolae_uskayaw_en_pointe,
          nemelex_dance_club_becter, overflow_temple_1_default, uniq_jessica,
          uniq_grinder
D:4:      minmay_door_path, layout_basic, slow_altar_1,
          kennysheep_generic_room_10
D:5:      layout_gridville, yredelemnul_altar_generic, gup_sewer_entry_spiral,
          uniq_duvessa
D:6:      layout_rooms, fedhas_ov_isle_minmay, temple_green,
          ebering_ghost_sewer_d, uniq_maggie

Skill      XL: |  1  2  3  4  5  6  7 |
---------------+----------------------+-----
Ranged Weapons | 6 9 10 11 | 11.0
Fighting       | 2 |  2.0
Dodging        | 3 |  3.0
Stealth        | |  1.2

Action                     |  1- 3 |  4- 6 |  7- 9 || total
---------------------------+-------+-------+-------++-------
   Fire: Shortbow          |   114 |   117 |    25 ||   256
    Use: Scroll            |     9 |     3 |       ||    12
 Armour: Ring mail         |    22 |    23 |    12 ||    57
         Leather armour    |     3 |       |       ||     3
  Dodge: Dodged            |    28 |    29 |     3 ||    60

Table legend:
 A = Non-vault XP
 B = Vault XP
 C = Vault XP percentage of total XP
 D = Non-vault monster count
 E = Vault monster count
 F = Vault count percentage of total count
                 A         B        C        D         E       F
            +---------+---------+-------+---------+---------+-------
      Total |     496 |     332 |  40.1 |      63 |      17 |  21.2
            +---------+---------+-------+---------+---------+-------
        D:1 |      23 |       8 |  25.8 |      12 |       8 |  40.0
        D:2 |      29 |       6 |  17.1 |      10 |       4 |  28.6
        D:3 |     113 |     314 |  73.5 |      25 |       4 |  13.8
        D:4 |     137 |       4 |   2.8 |       9 |       1 |  10.0
        D:5 |     116 |       0 |   0.0 |       4 |       0 |   0.0
        D:6 |      78 |       0 |   0.0 |       3 |       0 |   0.0
            +---------+---------+-------+---------+---------+-------
